 Dungeon Crawl Stone Soup version 0.30-a0-51-g784eafce7f (webtiles) character file.

Game seed: 760001035855592108

4158 Gircel the Covert (level 10, -6/44 HPs)
             Began as a Spriggan Enchanter on Sept 6, 2022.
             Was a Priest of Dithmenos.
             Killed from afar by an electric eel (12 damage)
             ... with a bolt of electricity
             ... on level 9 of the Dungeon.
             The game lasted 00:18:52 (8286 turns).

Gircel the Covert (Spriggan Enchanter)              Turns: 8286, Time: 00:18:52

Health: -6/44      AC:  7    Str:  8    XL:     10   Next: 7%
Magic:  24/25      EV: 18    Int: 16    God:    Dithmenos [***...]
Gold:   134        SH:  0    Dex: 23    Spells: 16/30 levels left

rFire   . . .      SeeInvis +    a - +6 dagger (elec)
rCold   . . .      Faith    .    (no shield)
rNeg    . . .      Spirit   .    B - +0 steam dragon scales
rPois   .          Reflect  .    (helmet restricted)
rElec   .          Harm     .    k - +1 cloak
rCorr   +          Rampage  .    (gloves unavailable)
Will    +....                    (boots unavailable)
Stlth   ++++++++..               (no amulet)
HPRegen 0.14/turn                p - +6 ring of dexterity
MPRegen 0.19/turn                u - ring of resist corrosion

@: wreathed by umbra, invisible, very quick
A: very small, no large weapons, unfitting armour, see invisible, speed 3, horns
1, passive freeze
a: Renounce Religion, Shadow Step


You were on level 9 of the Dungeon.
You worshipped Dithmenos.
Dithmenos was most pleased with you.
You visited 2 branches of the dungeon, and saw 10 of its levels.

You collected 462 gold pieces.
You spent 328 gold pieces at shops.

Inventory:

Hand Weapons
 a - a +6 dagger of electrocution (weapon)
Missiles
 g - 2 throwing nets (quivered)
 A - a curare-tipped dart
Armour
 b - a +0 robe
 k - a +1 cloak (worn)
 B - +0 steam dragon scales (worn)
Jewellery
 p - a +6 ring of dexterity (left hand)
 u - a ring of resist corrosion (right hand)
Wands
 l - a wand of mindburst (10)
 q - a wand of paralysis (10)
 s - a wand of quicksilver (1)
 w - a wand of flame (25)
Scrolls
 n - a scroll of butterflies
 o - 2 scrolls of fear
 r - 3 scrolls of teleportation
 x - a scroll of blinking
 y - a scroll of immolation
 z - a scroll of vulnerability
Potions
 c - 3 potions of invisibility
 d - 2 potions of berserk rage
 e - 2 potions of brilliance
 f - 4 potions of cancellation
 h - a potion of lignification
 j - 2 potions of flight
 m - a potion of resistance
 t - a potion of might
 v - 2 potions of haste {unknown}


   Skills:
 - Level 1.1 Short Blades
 - Level 2.6 Dodging
 + Level 12.9 Stealth
 + Level 10.7 Spellcasting
 + Level 11.0 Hexes


You had 16 spell levels left.
You knew the following spells:

 Your Spells              Type           Power      Damage    Failure   Level
a - Ensorcelled Hibernat  Hex/Ice        52%        N/A       1%          2
b - Tukima's Dance        Hex            43%        N/A       1%          3
c - Dazzling Flash        Conj/Hex       52%        N/A       2%          3
d - Confusing Touch       Hex            43%        N/A       1%          3
e - Summon Guardian Gole  Hex/Summ       26%        N/A       2%          3

Your spell library contained the following spells:

 Spells                   Type           Power      Damage    Failure   Level
 Slow                     Hex            100%       N/A       1%          1
 Magic Dart               Conj           32%        1d4       9%          1
 Summon Small Mammal      Summ           32%        N/A       9%          1
 Anguish                  Hex/Necr       13%        N/A       9%          4
 Fulminant Prism          Conj/Hex       13%        3d9       9%          4
 Passwall                 Tmut/Erth      6%         N/A       13%         2
 Scorch                   Fire           16%        2d5       13%         2
 Searing Ray              Conj           16%        2d5       13%         2
 Sublimation of Blood     Necr           8%         N/A       13%         2
 Wereblood                Tmut           8%         N/A       13%         2
 Call Canine Familiar     Summ           8%         N/A       26%         3
 Spider Form              Tmut/Pois      8%         N/A       26%         3
 Swiftness                Air            8%         N/A       26%         3
 Vampiric Draining        Necr           8%         2d6       26%         3
 Flame Wave               Conj/Fire      8%         2d5       63%         4
 Summon Cactus Giant      Summ           4%         N/A       100%        6
 Summon Hydra             Summ           4%         N/A       100%        7


Dungeon Overview and Level Annotations

Branches:
Dungeon (9/15)             Temple (1/1) D:4             Orc (0/2) D:9
   Lair: D:8-11

Altars:
Ashenzari
Dithmenos
Fedhas
Kikubaaqudgha
Nemelex Xobeh
Okawaru
Qazlal
Trog
Vehumet
Xom
Yredelemnul
Zin
The Shining One

Shops:
D:2 :   D:6 ?([(


Innate Abilities, Weirdness & Mutations

You are very small and have problems with some larger weapons.
You are too small for most types of armour.
You have supernaturally acute eyesight. (SInv)
You cover ground extremely quickly. (Speed+++)
You have a pair of small horns on your head.
A frigid envelope surrounds you and freezes all who hurt you.


Message History

Unknown command.
Unknown command.
Unknown command.
Your wight dissolves into shadows!
As you read the scroll of magic mapping, it crumbles to dust.
You feel aware of your surroundings.
You sensed 1 altar, and 1 shop/portal.
An electric eel comes into view.
The electric eel shoots out a bolt of lightning at you!
The bolt of electricity hits you!
You hit the electric eel. Your headbutt misses the electric eel.
The electric eel is lightly wounded.
Casting: Confusing Touch (safe; 1% risk of failure)
Confirm with . or Enter, or press ? or * to list all spells.
Aiming: Ensorcelled Hibernation (safe; 1% risk of failure)
Press: ? - help, Shift-Dir - straight line, f - electric eel
Aim: an electric eel (lightly wounded, umbra, chance to affect: 66%)
The electric eel looks drowsy...
Unknown command.
The helpless electric eel fails to defend itself.
You perforate the electric eel like a sieve!!!!
You kill the electric eel!
Dithmenos accepts your kill.
(D) Dungeon (T) Temple (O) Orcish Mines
Where to? (Enter - D:9 @ (x,y), ? - help)
An electric eel comes into view.
You enter the shallow water.
Moving in this stuff is going to be slow.
The electric eel shoots out a bolt of lightning at you!
The bolt of electricity hits you!
An electric eel comes into view.
The electric eel shoots out a bolt of lightning at you!
The bolt of electricity hits you!
You are too injured to fight recklessly!
The electric eel shoots out a bolt of lightning at you!
The bolt of electricity hits you!
* * * LOW HITPOINT WARNING * * *
You fade into invisibility!
The electric eel shoots out a bolt of lightning at you!
The bolt of electricity hits you!
You die...

*,,,,,,,,,,,,,,,,,,,,,.........#.
,,,,*,**,~~≈≈≈~...≈~≈~~~.~.......
,,*,,,,,,~≈≈≈≈~...~≈≈≈≈~.~..~....
,,*,*,**,~~~~S~...~~~~~~.~..~.~~.
,,,,,,,,,........................
,,*,*,**,~~~.~~...~~~~~~.~..~..~.
,,,,,,,,,.....~...~≈≈≈~≈.~..~..~.
,,,,,,,,,~~~..S...≈≈≈~~~.........
,,,,,,,,,.......@.~≈~............
,,*,,,**,~~~..~...~~~..~.~..~..~#
,**,,,,*,........................
,**,,,,,,........................
,**,,,,*,.~~~.~...~~~..~.~..~<...
,,,,,,,,,..............~....~≈..#
,,,,,,,,,.........~~~.~~....~~..#
,**,,,,*,.~~~≈~.............~~.~#
,,,,,,,*,,~~≈≈~..~~≈~.~~.........


You could see 2 electric eels.

Vanquished Creatures
  Pikel (D:7)
  Maurice (D:8)
  A komodo dragon (D:8)
  3 steam dragons
  2 water moccasins (D:5)
  3 orc warriors
  A sky beast (D:7)
  3 black bears
  A centaur (D:6)
  2 phantoms
  2 kobold brigands (D:8)
  2 scorpions
  2 bullfrogs
  A necrophage (D:7)
  2 howler monkeys (D:7)
  3 electric eels (D:9)
  6 hounds
  3 orc priests
  3 gnoll boudas (D:7)
  2 jellies (D:6)
  8 iguanas
  An orc wizard (D:3)
  16 gnolls
  8 adders
  A white imp (D:6)
  An ufetubus (D:6)
  2 worms
  2 dart slugs
  17 orcs
  5 ball pythons
  6 endoplasms
  A giant cockroach (D:1)
  5 goblins
  5 hobgoblins
  2 jackals (D:2)
  11 kobolds
  6 quokkas
  2 bats
  8 frilled lizards
  2 rats
153 creatures vanquished.

Vanquished Creatures (collateral kills)
  Crazy Yiuf (D:3)
  3 gnolls
  4 orcs
8 creatures vanquished.

Vanquished Creatures (others)
  3 dancing weapons (D:7)
  An orc (D:6)
  5 plants (D:8)
9 creatures vanquished.

Grand Total: 170 creatures vanquished

Notes
Turn   | Place    | Note
-------+----------+-------------------------------------------
     0 | D:1      | Gircel the Spriggan Enchanter began the quest for the Orb.
     0 | D:1      | Reached XP level 1. HP: 9/9 MP: 5/5
    57 | D:1      | Found a faded altar of an unknown god.
   274 | D:1      | Reached XP level 2. HP: 13/13 MP: 7/7
   277 | D:1      | Learned a level 2 spell: Ensorcelled Hibernation
  1416 | D:2      | Reached XP level 3. HP: 16/16 MP: 6/9
  1434 | D:2      | Learned a level 3 spell: Tukima's Dance
  1438 | D:2      | Learned a level 3 spell: Confusing Touch
  1885 | D:2      | Found Zeam's Book Shop.
  2016 | D:3      | Reached XP level 4. HP: 18/21 MP: 11/11
  2091 | D:3      | Reached skill level 5 in Hexes
  2157 | D:3      | Found a runed translucent door.
  2158 | D:3      | Noticed Crazy Yiuf
  2166 | D:3      | Killed Crazy Yiuf
  2476 | D:3      | Reached XP level 5. HP: 20/24 MP: 13/13
  2621 | D:4      | Reached skill level 5 in Spellcasting
  2813 | D:4      | Reached skill level 5 in Stealth
  2881 | D:4      | Found a staircase to the Ecumenical Temple.
  2894 | Temple   | Entered the Ecumenical Temple
  2897 | Temple   | Reached XP level 6. HP: 28/28 MP: 11/15
  2953 | Temple   | Became a worshipper of Dithmenos the Shadowed
  3508 | D:5      | Entered Level 5 of the Dungeon
  3510 | D:5      | Found a radiant altar of Vehumet.
  3649 | D:5      | Reached skill level 6 in Stealth
  3667 | D:5      | Noticed a water moccasin
  3679 | D:5      | Killed a water moccasin
  3771 | D:5      | Reached XP level 7. HP: 32/32 MP: 17/17
  3847 | D:5      | Reached skill level 7 in Stealth
  3857 | D:5      | Reached * piety under Dithmenos
  4563 | D:5      | Reached skill level 8 in Stealth
  4834 | D:6      | Found Haogifesh's Weapon Shop.
  4891 | D:6      | Found Zygoe's Antique Weapon Shop.
  4906 | D:6      | Found Olaodeloll's Magic Scroll Boutique.
  4911 | D:6      | Bought a scroll of enchant weapon for 82 gold pieces
  4911 | D:6      | Bought a scroll of enchant weapon for 82 gold pieces
  4911 | D:6      | Bought a scroll of enchant weapon for 82 gold pieces
  4935 | D:6      | Reached XP level 8. HP: 36/36 MP: 20/20
  4988 | D:6      | Learned a level 3 spell: Dazzling Flash
  4992 | D:6      | Learned a level 3 spell: Summon Guardian Golem
  5359 | D:6      | Reached skill level 9 in Stealth
  5532 | D:6      | Found Cairos's Armour Shop.
  5797 | D:6      | Bought a scroll of magic mapping for 82 gold pieces
  5817 | D:7      | Noticed Pikel
  5825 | D:7      | Killed Pikel
  5826 | D:7      | Reached skill level 10 in Stealth
  5873 | D:7      | Reached XP level 9. HP: 39/39 MP: 22/22
  5929 | D:7      | Gained mutation: You have a pair of small antennae on your
                  | head. [potion of mutation]
  5929 | D:7      | Gained mutation: You are frail. (-10% HP) [potion of
                  | mutation]
  5929 | D:7      | Gained mutation: Your muscles are strong. (Str +4, Int/Dex
                  | -1) [potion of mutation]
  5930 | D:7      | Lost mutation: You are frail. (-10% HP) [potion of
                  | mutation]
  5930 | D:7      | Lost mutation: You have a pair of small antennae on your
                  | head. [potion of mutation]
  5930 | D:7      | Lost mutation: Your muscles are strong. (Str +4, Int/Dex
                  | -1) [potion of mutation]
  5930 | D:7      | Gained mutation: You have a pair of small horns on your
                  | head. [potion of mutation]
  5930 | D:7      | Gained mutation: A frigid envelope surrounds you and
                  | freezes all who hurt you. [potion of mutation]
  5994 | D:7      | Reached ** piety under Dithmenos
  6518 | D:7      | Reached skill level 11 in Stealth
  7145 | D:8      | Reached skill level 10 in Hexes
  7302 | D:8      | Reached skill level 10 in Spellcasting
  7387 | D:8      | Reached skill level 12 in Stealth
  7396 | D:8      | Reached *** piety under Dithmenos
  7577 | D:8      | Noticed a komodo dragon
  7634 | D:8      | Noticed Maurice
  7649 | D:8      | Killed a komodo dragon
  7662 | D:8      | Killed Maurice
  7674 | D:8      | Reached XP level 10. HP: 27/44 MP: 21/25
  8286 | D:9      | Killed from afar by an electric eel

Illustrated notes

Levels and vault maps discovered:
D:1:      matt_arrival_los_fun, layout_basic, ebering_ecumenical_altar_rust
D:2:      layout_rooms, serial_shops, shop
D:3:      layout_rooms, uniq_crazy_yiuf_cottage
D:4:      layout_gridville, minmay_temple_entry_waves
D:5:      layout_loops_corners, overflow_temple_1_default
D:6:      layout_basic, serial_shops, nicolae_shop_crystal, shop, shop,
          kennysheep_little_box
D:7:      layout_loops_corners, uniq_pikel
D:8:      layout_rooms, minmay_lizard_king, uniq_maurice
D:9:      layout_basic, minmay_orc_entry_temple_small, enter_bailey_5
Temple:   compressed_dpeg_circular_temple

Skill      XL: |  1  2  3  4  5  6  7  8  9 10 |
---------------+-------------------------------+-----
Spellcasting   | 3 4 5 6 7 8 10 | 10.7
Hexes          | 4 5 6 7 9 10 11 | 11.0
Stealth        | 5 6 8 10 12 | 12.9
Short Blades   | |  1.1
Dodging        | |  2.6

Action                   |  1- 3 |  4- 6 |  7- 9 | 10-12 || total
-------------------------+-------+-------+-------+-------++-------
Melee: Dagger            |    66 |    90 |   203 |    10 ||   369
       Punch             |       |       |     2 |       ||     2
       Headbutt          |       |       |    16 |     2 ||    18
 Cast: Ensorcelled Hiber |     7 |     5 |    39 |     1 ||    52
       Tukima's Dance    |     1 |     1 |    16 |       ||    18
       Confusing Touch   |       |     1 |     4 |       ||     5
  Use: Scroll            |    11 |     3 |    15 |     2 ||    31
       Potion            |       |       |     3 |     1 ||     4
 Stab: Sleeping          |    10 |    15 |    36 |     4 ||    65
       Distracted        |       |     1 |       |       ||     1
       Confused          |       |       |     3 |       ||     3
Armor: Robe              |     9 |     9 |    21 |       ||    39
Dodge: Dodged            |    34 |    75 |   160 |     2 ||   271

Table legend: (Time is in decaauts)
 A = Elapsed time spent in this place.
 B = Non-inter-level travel time spent in this place.
 C = Inter-level travel time spent in this place.
 D = Time resting spent in this place.
 E = Time spent auto-exploring this place.
 F = Levels seen in this place.
 G = Mean time per level.
                   A        B        C        D        E       F      G
               +--------+--------+--------+--------+--------+-----+--------+
         Total |   6416 |   6252 |    164 |    139 |   4950 |  10 |  641.6 |
       Dungeon |   6351 |   6204 |    147 |    139 |   4912 |   9 |  705.7 |
        Temple |     65 |     48 |     17 |      0 |     37 |   1 |   65.0 |
               +--------+--------+--------+--------+--------+-----+--------+

Top non-repeatable levels by time:
     D:5: 1034 daAuts
     D:7: 994 daAuts
     D:2: 923 daAuts
     D:6: 747 daAuts
     D:8: 739 daAuts
     D:1: 647 daAuts
     D:4: 604 daAuts
     D:3: 491 daAuts
     D:9: 168 daAuts
  Temple: 65 daAuts
